 Dungeon Crawl Stone Soup version 0.21.0-3-g78d12a8 (webtiles) character file.

10712 Dfrag the Destroyer (level 11, -11/68 HPs)
             Began as a Demonspawn Fire Elementalist on Jan 11, 2018.
             Was a High Priest of Vehumet.
             Mangled by a cyan ugly thing (16 damage)
             ... on level 11 of the Dungeon.
             The game lasted 00:21:43 (11628 turns).

Dfrag the Destroyer (Demonspawn Fire Elementalist) Turns: 11628, Time: 00:21:44

Health: -11/68     AC:  7    Str:  8    XL:     11   Next: 39%
Magic:  0/24       EV: 12    Int: 19    God:    Vehumet [*****.]
Gold:   559        SH:  4    Dex: 15    Spells: 11/29 levels left

rFire    . . .     SeeInvis .   g - +0 short sword (elec)
rCold    + . .     Gourm    .   (no shield)
rNeg     . . .     Faith    .   a - +0 robe
rPois    .         Spirit   +   (no helmet)
rElec    .         Reflect  .   n - +1 cloak {+Inv}
rCorr    .         Harm     .   (no gloves)
MR       .....                  e - +2 pair of boots
Stlth    +++.......             (no amulet)
HPRegen  0.21/turn              B - ring of stealth
MPRegen  0.38/turn              o - ring of protection from cold

@: very slightly contaminated, invisible
A: hooves 2, large bone plates 1, demonic guardian 1, magic shield, magic
regeneration
a: Renounce Religion


You were on level 11 of the Dungeon.
You worshipped Vehumet.
Vehumet was extremely pleased with you.
You were hungry.

You visited 1 branch of the dungeon, and saw 11 of its levels.

You collected 701 gold pieces.
You spent 142 gold pieces at shops.

Inventory:

Hand Weapons
 g - a +0 short sword of electrocution (weapon)
Armour
 a - a +0 robe (worn)
 e - a +2 pair of boots (worn)
 n - a +1 cloak of invisibility (worn)
Jewellery
 j - an uncursed ring of flight
 o - a ring of protection from cold (right hand)
 B - a ring of stealth (left hand)
Wands
 f - a wand of scattershot (7)
 k - a wand of random effects (35)
 m - a wand of disintegration (7)
 q - a wand of paralysis (49)
 x - a wand of acid (5)
 C - a wand of polymorph (15)
Scrolls
 d - 4 scrolls of teleportation
 l - 3 scrolls of fear
 r - 4 scrolls of fog
 s - a scroll of immolation
 u - 6 scrolls of remove curse
 F - 2 scrolls of magic mapping
 G - a scroll of blinking
Potions
 h - 2 potions of agility
 i - 4 potions of curing
 p - a potion of invisibility
 v - a potion of berserk rage {unknown}
 w - a potion of ambrosia {unknown}
 z - 2 potions of haste
 A - a potion of flight {unknown}
 E - a potion of resistance {unknown}
Books
 b - a book of Flames

   Spells                             Type                      Level
   a - Flame Tongue                   Conjuration/Fire             1
   b - Throw Flame                    Conjuration/Fire             2
   c - Conjure Flame                  Conjuration/Fire             3
   d - Inner Flame                    Hexes/Fire                   3
   e - Sticky Flame                   Conjuration/Fire             4
   f - Fireball                       Conjuration/Fire             5
 y - a book of Geomancy

   Spells                             Type                      Level
   a - Sandblast                      Earth                        1
   b - Passwall                       Transmutation/Earth          2
   c - Stone Arrow                    Conjuration/Earth            3
   d - Petrify                        Transmutation/Earth          4
   e - Lee's Rapid Deconstruction     Earth                        5
Comestibles
 c - 20 rations
 t - 4 chunks of flesh


   Skills:
 - Level 1.7 Dodging
 - Level 1.7 Stealth
 + Level 9.8 Spellcasting
 + Level 10.5 Conjurations
 + Level 10.1 Fire Magic


You had 11 spell levels left.
You knew the following spells:

 Your Spells              Type           Power        Failure   Level  Hunger
a - Flame Tongue          Conj/Fire      #####        1%          1    None
b - Conjure Flame         Conj/Fire      #####...     1%          3    None
c - Sticky Flame          Conj/Fire      #####...     1%          4    ###....
d - Fireball              Conj/Fire      #####.....   1%          5    #####..
e - Venom Bolt            Conj/Pois      ####......   7%          5    #####..


Dungeon Overview and Level Annotations

Branches:
Dungeon (11/15)            Temple (0/1) D:6            Lair (0/6) D:8
    Orc (0/2) D:9

Altars:
Ashenzari
Nemelex Xobeh
Okawaru
Ru
Sif Muna
Uskayaw
Vehumet

Shops:
D:8 ?


Innate Abilities, Weirdness & Mutations

You have hoof-like feet.
You are partially covered in large bone plates. (SH +4)
A weak demonic guardian rushes to your aid.
When hurt, damage is shared between your health and your magic reserves.
You regenerate magic rapidly.


Message History

It was a potion of invisibility.
You fade into invisibility!
You are very lightly contaminated with residual magic.
Casting: Sticky Flame
Confirm with . or Enter, or press ? or * to list all spells.
Aiming: Sticky Flame
Press: ? - help, Shift-Dir - straight line, f - cyan ugly thing
Aim: a cyan ugly thing (severely wounded)
The sticky flame hits the cyan ugly thing.
The cyan ugly thing appears unharmed.
The cyan ugly thing is severely wounded.
The cyan ugly thing is covered in liquid flames!
The cyan ugly thing burns!
The cyan ugly thing barely misses you.
Unknown command.
The cyan ugly thing burns!
You hear a distant slurping noise.
The cyan ugly thing stings you!
* * * LOW HITPOINT WARNING * * *
The cyan ugly thing shocks you!
You die...

... #.....# # #.# ###†....######
.###.###....#.......#
.......#....+..#....#
.......#....#..+....#
.......'....#..#....#
####.###....#+##....############
.###.####+#....#####...........##
..........#....#@..#.............
..........+....#.u.#.............
.##..##+###....###.#.............
.##..# ... #.############..
..#..# #...u........'.. ..#..#
#............#.. ####'#
###########..#.. ...... #..#..
...... #..#..


You could see a cyan ugly thing (burning).

Vanquished Creatures
  A centaur warrior (D:10)
  A queen ant (D:10)
  A komodo dragon (D:11)
  Prince Ribbit (D:5)
  2 hippogriffs
  Grinder (D:6)
  A shadow (D:11)
  A vampire (D:9)
  6 yaks (D:9)
  A hungry ghost (D:9)
  Eustachio (D:4)
  5 soldier ants (D:10)
  A water moccasin (D:8)
  2 porcupines (D:8)
  3 phantoms
  3 sky beasts
  2 black bears
  2 orc warriors
  An ice beast (D:10)
  A necrophage (D:9)
  2 eyes of draining
  2 ogres
  3 centaurs (D:10)
  4 big kobolds
  2 bullfrogs
  A wyvern zombie (D:10)
  A gnoll sergeant (D:10)
  2 troll zombies (D:9)
  4 scorpions
  3 howler monkeys
  A centaur zombie (D:4)
  4 crimson imps
  3 hounds
  A bullfrog zombie (D:10)
  6 jellies
  7 orc priests
  Crazy Yiuf (D:2)
  2 centaur skeletons
  3 bullfrog skeletons
  3 iguanas
  21 worker ants
  10 orc wizards
  A killer bee zombie (D:8)
  6 ogre zombies (D:9)
  A hound zombie (D:8)
  A hound skeleton (D:6)
  4 worker ant zombies
  9 gnolls
  A howler monkey skeleton (D:7)
  11 adders
  2 shadow imps
  An ooze (D:1)
  An adder skeleton (D:7)
  An adder zombie (D:10)
  4 worms
  3 dart slugs (D:1)
  4 leopard geckos
  40 orcs
  2 ball pythons
  6 giant cockroaches
  12 goblins
  11 hobgoblins
  11 jackals
  3 quokkas
  7 bats
  3 frilled lizards (D:2)
  3 goblin skeletons (D:9)
  A goblin zombie (D:9)
  2 hobgoblin skeletons (D:9)
  19 kobolds
  2 leopard gecko skeletons
  A leopard gecko zombie (D:7)
  2 orc skeletons (D:9)
  14 orc zombies (D:9)
  22 rats
334 creatures vanquished.

Vanquished Creatures (collateral kills)
  A two-headed ogre (D:10)
  A hippogriff (D:9)
  A hungry ghost (D:7)
  A soldier ant (D:10)
  A sky beast (D:5)
  An orc warrior (D:11)
  2 black bears
  3 ogres
  A hound (D:8)
  An orc priest (D:5)
  A worker ant (D:10)
  A hound skeleton (D:8)
  A shadow imp (D:10)
  A leopard gecko (D:7)
  6 orcs
  An orc zombie (D:9)
24 creatures vanquished.

Grand Total: 358 creatures vanquished

Notes
Turn   | Place    | Note
-------+----------+-------------------------------------------
     0 | D:1      | Dfrag the Demonspawn Fire Elementalist began the quest for the Orb.
     0 | D:1      | Reached XP level 1. HP: 13/13 MP: 3/3
   337 | D:1      | Gained mutation: When hurt, damage is shared between your health and your magic reserves. [demonic ancestry]
   337 | D:1      | Reached XP level 2. HP: 9/19 MP: 0/5
   650 | D:1      | Gained mutation: You have large cloven feet. [demonic ancestry]
   650 | D:1      | Reached XP level 3. HP: 12/24 MP: 1/6
   822 | D:1      | Found a sparkling altar of Nemelex Xobeh.
  1414 | D:2      | Learned a level 3 spell: Conjure Flame
  1508 | D:2      | Gained mutation: You have hoof-like feet. [demonic ancestry]
  1508 | D:2      | Reached XP level 4. HP: 21/30 MP: 6/8
  2178 | D:2      | Found a runed door.
  2182 | D:2      | Noticed Crazy Yiuf
  2192 | D:2      | Killed Crazy Yiuf
  2298 | D:3      | Reached XP level 5. HP: 28/35 MP: 3/9
  2384 | D:3      | Found an iron altar of Okawaru.
  2868 | D:4      | Noticed Eustachio
  2895 | D:4      | Killed Eustachio
  2895 | D:4      | Gained mutation: A weak demonic guardian rushes to your aid. [demonic ancestry]
  2895 | D:4      | Reached XP level 6. HP: 41/41 MP: 6/11
  3583 | D:5      | Entered Level 5 of the Dungeon
  3583 | D:5      | Found a radiant altar of Vehumet.
  3583 | D:5      | Found an iron altar of Okawaru.
  3583 | D:5      | Noticed a sky beast
  3596 | D:5      | Found a deep blue altar of Sif Muna.
  3597 | D:5      | Found a hide-covered altar of Uskayaw.
  3597 | D:5      | Found a shattered altar of Ashenzari.
  3600 | D:5      | Became a worshipper of Vehumet
  3606 | D:5      | Killed a sky beast
  3612 | D:5      | Learned a level 4 spell: Sticky Flame
  3638 | D:5      | Gained mutation: You regenerate magic rapidly. [demonic ancestry]
  3638 | D:5      | Reached XP level 7. HP: 22/46 MP: 3/13
  3936 | D:5      | Noticed Prince Ribbit
  3941 | D:5      | Killed Prince Ribbit
  3941 | D:5      | Reached skill level 5 in Fire Magic
  4032 | D:5      | Reached skill level 5 in Conjurations
  4419 | D:5      | Reached skill level 5 in Spellcasting
  4510 | D:6      | Found a staircase to the Ecumenical Temple.
  4524 | D:6      | Noticed Grinder
  4541 | D:6      | Killed Grinder
  4541 | D:6      | Reached XP level 8. HP: 37/52 MP: 5/15
  4579 | D:6      | Reached * piety under Vehumet
  4579 | D:6      | Offered knowledge of Shock by Vehumet.
  6028 | D:7      | Reached ** piety under Vehumet
  6035 | D:7      | Offered knowledge of Sting by Vehumet.
  6171 | D:7      | Reached XP level 9. HP: 41/57 MP: 7/18
  6714 | D:8      | Offered knowledge of Ignite Poison by Vehumet.
  6863 | D:8      | Found a staircase to the Lair.
  6975 | D:8      | Found a sacrificial altar of Ru.
  7043 | D:8      | Reached *** piety under Vehumet
  7170 | D:8      | Found Ickywkun's Magic Scroll Emporium.
  7173 | D:8      | Bought a scroll of magic mapping for 38 gold pieces
  7173 | D:8      | Bought a scroll of blinking for 82 gold pieces
  7173 | D:8      | Bought a scroll of identify for 22 gold pieces
  7792 | D:9      | Learned a level 5 spell: Fireball
  7832 | D:9      | Reached XP level 10. HP: 24/63 MP: 2/21
  8000 | D:9      | Offered knowledge of Force Lance by Vehumet.
  8112 | D:9      | Found a staircase to the Orcish Mines.
  8142 | D:9      | Reached **** piety under Vehumet
  8267 | D:9      | Offered knowledge of Yara's Violent Unravelling by Vehumet.
  8579 | D:10     | Entered Level 10 of the Dungeon
  8610 | D:10     | Noticed a centaur warrior
  9092 | D:10     | Killed a centaur warrior
  9371 | D:10     | Noticed a two-headed ogre
  9378 | D:10     | Killed a two-headed ogre
  9633 | D:10     | Reached ***** piety under Vehumet
  9823 | D:10     | Gained mutation: You are partially covered in large bone plates. (SH +4) [demonic ancestry]
  9823 | D:10     | Reached XP level 11. HP: 59/68 MP: 17/24
  9836 | D:10     | Offered knowledge of Venom Bolt by Vehumet.
  9844 | D:10     | Learned a level 5 spell: Venom Bolt
  9883 | D:10     | Reached skill level 10 in Conjurations
 10386 | D:10     | Noticed a queen ant
 10395 | D:10     | Killed a queen ant
 11354 | D:11     | Reached skill level 10 in Fire Magic
 11595 | D:11     | Noticed a cyan ugly thing
 11628 | D:11     | Mangled by a cyan ugly thing

Skill      XL: |  1  2  3  4  5  6  7  8  9 10 11 |
---------------+----------------------------------+-----
Fire Magic     | 3 4 5 6 8 9 10 | 10.1
Conjurations   | 2 3 4 5 6 8 9 10 | 10.5
Spellcasting   | 3 4 5 6 7 9 |  9.8
Dodging        | |  1.7
Stealth        | |  1.7

Action                   |  1- 3 |  4- 6 |  7- 9 | 10-12 || total
-------------------------+-------+-------+-------+-------++-------
Melee: Unarmed           |    33 |       |       |       ||    33
       Short sword       |    62 |    50 |   117 |   206 ||   435
       Kick              |    11 |    14 |    27 |       ||    52
 Cast: Flame Tongue      |    57 |    65 |   176 |   103 ||   401
       Sticky Flame      |       |       |    34 |    63 ||    97
       Conjure Flame     |       |       |     1 |       ||     1
       Fireball          |       |       |     2 |    35 ||    37
  Use: Scroll            |       |       |    12 |       ||    12
       Potion            |       |       |     2 |     7 ||     9
 Stab: Sleeping          |       |     4 |     5 |     3 ||    12
       Distracted        |       |       |       |     1 ||     1
  Eat: Chunk             |     3 |     5 |    18 |    22 ||    48
       Ration            |       |       |       |     1 ||     1
Armor: Robe              |    27 |    17 |    35 |    89 ||   168
Dodge: Dodged            |    73 |    49 |   111 |   157 ||   390
Block: Other             |       |       |       |    17 ||    17
